 Dungeon Crawl Stone Soup version 0.29.1-1-gd02db6906a (webtiles) character file.

Game seed: 6456255228949712456

117978 kalagan the Eclecticist (level 16, -5/83 HPs)
             Began as a Deep Elf Conjurer on Oct 18, 2022.
             Was a High Priest of Sif Muna.
             Slain by Pufunaer the Head Instructor
             ... wielding a +2 antimagic triple sword
              (27 damage)
             ... in a wizard's laboratory.
             The game lasted 01:07:48 (26213 turns).

kalagan the Eclecticist (Deep Elf Conjurer)        Turns: 26213, Time: 01:07:49

Health: -5/83      AC: 21    Str: 10    XL:     16   Next: 24%
Magic:  11/47      EV: 16    Int: 34    God:    Sif Muna [*****.]
Gold:   877        SH:  8    Dex: 13    Spells: 3/46 levels left

rFire   + . .      SeeInvis .   a - staff of conjuration
rCold   + . .      Faith    .   P - +3 warlock's mirror {reflect}
rNeg    . . .      Spirit   .   z - +2 robe {rC+ rF+}
rPois   .          Reflect  +   s - +3 hat of Pondering {ponderous, Will+ MP+10 Int+5}
rElec   .          Harm     .   p - +2 cloak
rCorr   .          Rampage  .   G - +3 Mad Mage's Maulers {Infuse+∞ RegenMP Int-3}
Will    ++...      NoTele   +   q - +2 pair of boots
Stlth   ++++......              c - amulet of magic regeneration
HPRegen 0.23/turn               C - +4 ring of protection
MPRegen 1.10/turn               d - +6 ring of intelligence

@: untranslocatable, slow
A: no striking features
a: Renounce Religion, Channel Magic, Forget Spell, Divine Exegesis


You were in a wizard's laboratory.
You worshipped Sif Muna.
Sif Muna was extremely pleased with you.
You visited 5 branches of the dungeon, and saw 20 of its levels.
You also visited: Ossuary and Wizlab.

You collected 3508 gold pieces.
You spent 2631 gold pieces at shops.

Inventory:

Armour
 o - a +2 ring mail of cold resistance
 p - a +2 cloak (worn)
 q - a +2 pair of boots (worn)
 s - the +3 hat of Pondering (worn) {ponderous, Will+ MP+10 Int+5}
   (You bought it in a shop on level 1 of the Orcish Mines)

   Int:       It affects your intelligence (+5).
   MP:        It affects your magic capacity (+10).
   Will:      It increases your willpower.
 u - a +1 leather armour of fire resistance
 z - a +2 robe of resistance (worn)
 G - the +3 Mad Mage's Maulers (worn) {Infuse+∞ RegenMP Int-3}
   (You found it on level 1 of the Elven Halls)

   It empowers its wearer's blows with all of their magic.
   It causes its wearer's magical reserves to regenerate more quickly.
   Int:       It affects your intelligence (-3).
 P - the +3 warlock's mirror (worn) {reflect}
   (You bought it in a shop on level 2 of the Orcish Mines)

   It can block and reflect piercing ranged attacks and magical attacks against
   the wielder's willpower.
 Q - the +2 ring mail of Tenacity {rElec}
   (You found it on level 4 of the Lair of Beasts)

   rElec:     It insulates you from electricity.
Magical Staves
 a - a staff of conjuration (weapon)
 b - a staff of earth
 D - a staff of cold
Jewellery
 c - an amulet of magic regeneration (around neck)
 d - a +6 ring of intelligence (right hand)
 w - a ring of protection from cold
 x - a ring of resist corrosion
 C - a +4 ring of protection (left hand)
 F - a ring of positive energy
Wands
 f - a wand of iceblast (3)
 A - a wand of digging (3)
 H - a wand of charming (6)
Scrolls
 l - 2 scrolls of vulnerability
 t - a scroll of poison
 v - a scroll of amnesia
 y - 7 scrolls of teleportation
 B - 5 scrolls of torment
 I - 3 scrolls of identify
 J - a scroll of immolation
 N - a scroll of butterflies
Potions
 e - 2 potions of flight
 g - a potion of mutation
 h - a potion of heal wounds
 i - 2 potions of resistance
 j - a potion of magic
 k - a potion of haste
 m - 8 potions of curing
 r - 2 potions of brilliance
 E - 4 potions of invisibility
 L - 3 potions of lignification
 M - a potion of ambrosia
Miscellaneous
 n - a lightning rod (4/4)


   Skills:
 - Level 3.0 Fighting
 - Level 3.0 Staves
 - Level 2.0 Throwing
 - Level 4.0 Armour
 + Level 10.5 Dodging
 + Level 8.7 Stealth
 - Level 4.0 Shields
 * Level 15.7 Spellcasting
 * Level 13.8 Conjurations
 + Level 11.0 Hexes
 + Level 10.9 Translocations
 * Level 10.7 Fire Magic
 + Level 9.9 Earth Magic
 + Level 9.4 Invocations
 + Level 4.5 Evocations


You had 3 spell levels left.
You knew the following spells:

 Your Spells              Type           Power      Damage    Failure   Level
a - Magic Dart            Conj           100%       1d8       0%          1
b - Searing Ray           Conj           100%       2d8       0%          2
c - Dispersal             Tloc           39%        N/A       3%          6
d - Fulminant Prism       Conj/Hex       52%        3d23      1%          4
e - Iskenderun's Mystic   Conj/Tloc      100%       2d19      1%          4
f - Fireball              Conj/Fire      52%        3d20      1%          5
g - Stone Arrow           Conj/Erth      100%       3d13      1%          3
h - Iron Shot             Conj/Erth      52%        9d10      2%          6
z - Iskenderun's Battles  Conj           100%       2d15      1%          5
D - Tukima's Dance        Hex            80%        N/A       1%          3
F - Sticky Flame          Conj/Fire      100%       2d11      1%          4

Your spell library contained the following spells:

 Spells                   Type           Power      Damage    Failure   Level
 Summon Small Mammal      Summ           100%       N/A       1%          1
 Ensorcelled Hibernation  Hex/Ice        100%       N/A       1%          2
 Scorch                   Fire           100%       2d10      1%          2
 Static Discharge         Conj/Air       84%        3-14/arc  1%          2
 Dazzling Flash           Conj/Hex       100%       N/A       1%          3
 Gell's Gravitas          Tloc           79%        N/A       1%          3
 Mephitic Cloud           Conj/Pois/Air  72%        N/A       1%          3
 Portal Projectile        Hex/Tloc       100%       N/A       1%          3
 Summon Guardian Golem    Hex/Summ       59%        N/A       1%          3
 Teleport Other           Tloc           79%        N/A       1%          3
 Call Imp                 Summ           26%        N/A       2%          2
 Call Canine Familiar     Summ           26%        N/A       5%          3
 Anguish                  Hex/Necr       29%        N/A       1%          4
 Flame Wave               Conj/Fire      100%       2d21      1%          4
 Leda's Liquefaction      Hex/Erth       39%        N/A       1%          4
 Animate Armour           Summ/Erth      100%       N/A       2%          4
 Petrify                  Tmut/Erth      57%        N/A       2%          4
 Summon Mana Viper        Hex/Summ       59%        N/A       5%          5
 Orb of Destruction       Conj           55%        9d14      5%          7
 Borgnjor's Vile Clutch   Necr/Erth      28%        N/A       7%          5
 Conjure Ball Lightning   Conj/Air       42%        3x3d15    17%         6
 Animate Dead             Necr           26%        N/A       19%         4
 Corpse Rot               Necr/Pois/Air  26%        N/A       19%         4
 Dispel Undead            Necr           26%        3d13      19%         4
 Summon Lightning Spire   Summ/Air       26%        N/A       19%         4
 Spellforged Servitor     Conj/Summ      42%        N/A       67%         7
 Lehudib's Crystal Spear  Conj/Erth      52%        10d12     67%         8
 Death Channel            Necr           13%        N/A       96%         6
 Simulacrum               Ice/Necr       13%        N/A       96%         6
 Summon Cactus Giant      Summ           13%        N/A       96%         6
 Summon Hydra             Summ           13%        N/A       100%        7
 Necromutation            Tmut/Necr      13%        N/A       100%        8
 Summon Horrible Things   Summ           13%        N/A       100%        8
 Dragon's Call            Summ           13%        N/A       100%        9
 Fire Storm               Conj/Fire      52%        8d13      100%        9
 Shatter                  Erth           38%        3d30*     100%        9


Dungeon Overview and Level Annotations

Branches:
Dungeon (9/15)             Temple (1/1) D:5            Lair (5/5) D:9
 Shoals (0/4) Lair:2        Snake (0/4) Lair:2        Slime (0/5) Lair:5
    Orc (2/2) D:9             Elf (3/3) Orc:2       Ossuary (visited)
 WizLab (1/1)

Altars:
Ashenzari
Cheibriados
Elyvilon
Fedhas
Gozag
Hepliaklqana
Kikubaaqudgha
Makhleb
Nemelex Xobeh
Okawaru
Qazlal
Ru
Sif Muna
Trog
Uskayaw
Vehumet
Wu Jian
Xom
Zin

Shops:
D:2 *   Orc:1 ![   Orc:2 :*[(   Elf:1 [   Elf:2 !

Annotations:
Lair:3 exclusion: oklob plant
Elf:1 Roxanne
Elf:2 2 transporters, ababab's ghost, adept FeEn


Message History

Your battlesphere fires!
The barrage of energy hits Pufunaer!
Pufunaer is lightly wounded.
Unknown command.
Pufunaer hits you with a +2 antimagic triple sword!
You feel your power leaking away. Pufunaer barely misses you.
Casting: Iskenderun's Mystic Blast (safe; 1% risk of failure)
Confirm with . or Enter, or press ? or * to list all spells.
You feel a surge of power!
You erupt in a blast of force!
The mystic blast hits Pufunaer!!
Pufunaer is moderately wounded.
Pufunaer is knocked back by the mystic blast.
Pufunaer slams into the tree!
Pufunaer is heavily wounded.
Your battlesphere fires!
The barrage of energy hits Pufunaer!
Pufunaer is heavily wounded.
Pufunaer hits you but does no damage.
Pufunaer hits you with a +2 antimagic triple sword!
* * * LOW HITPOINT WARNING * * *
You feel your power leaking away.
A tengu conjurer comes into view. It is wielding a +0 antimagic halberd.
Pufunaer attacks as you move away! Pufunaer closely misses you.
Pufunaer hits you with a +2 antimagic triple sword.
* * * LOW HITPOINT WARNING * * *
Pufunaer hits you with a +2 antimagic triple sword!
* * * LOW HITPOINT WARNING * * *
You feel your power leaking away. Pufunaer misses you.
Unknown command.
Unknown command.
Unknown command.
Unknown command.
Unknown command.
Okay, then.
Unknown command.
You feel much better.
Pufunaer hits you with a +2 antimagic triple sword!!
You die...

#....).#..# ...#
..♣~~.....♣#...#.
.♣~~)~♣.#...#....
.~~~~~~.#......#
.~~~~~[..).♣
.♣~~~~♣.#..#
#.♣~~♣.#..)#
...........*..♣#
......#..#.@@.#
#.....♣..♣....#
#...♣♣..♣♣...#
#...♣..♣.).##
#.....)..##
##......##
##.)..## #8.[8#
##...)##


You could see Pufunaer the Head Instructor and a friendly battlesphere.

Vanquished Creatures
  A deep elf blademaster (Elf:2)
  A quicksilver dragon (WizLab)
  A sphinx (Elf:2)
  A draconian knight (WizLab)
  A deep elf sorcerer (Elf:3)
  An orc warlord (Orc:2)
  A vampire knight (WizLab)
  An eidolon (Elf:2)
  2 deep elf death magi
  2 fire dragons (Lair:5)
  A deep elf high priest (Elf:1)
  Fannar (Lair:1)
  8 hydras
  A great orb of eyes (Elf:2)
  A spriggan air mage (WizLab)
  A boulder beetle (Lair:4)
  Erica (D:8)
  2 ogre magi (WizLab)
  2 catoblepae (Lair:4)
  6 orc high priests
  11 deep elf knights (Elf:2)
  2 salamander mystics (WizLab)
  A swamp dragon (Lair:5)
  3 lindwurms
  6 deep elf archers
  2 orc knights (Orc:2)
  24 deep elf zephyrmancers
  6 mana vipers (WizLab)
  6 orc sorcerers
  10 deep elf pyromancers
  A cyclops (Orc:1)
  5 black mambas
  A merfolk siren (Lair:2)
  12 elephants
  2 naga magi (WizLab)
  5 torpor snails (Lair:5)
  An unseen horror (D:9)
  13 cane toads
  9 komodo dragons
  6 rime drakes
  A tengu conjurer (WizLab)
  A queen bee (shapeshifter) (Elf:2)
  2 trolls
  3 tyrant leeches (Lair:5)
  3 polar bears
  9 hornets
  35 blink frogs
  10 dream sheep
  23 dancing weapons
  A vampire (D:9)
  3 water elementals
  Eustachio (D:5)
  3 wyverns
  32 yaks
  5 basilisks
  2 golden eyes (Elf:2)
  4 steam dragons
  2 wargs (Elf:2)
  A naga (Lair:2)
  An acid dragon (Lair:5)
  8 water moccasins
  A swamp drake (Lair:5)
  2 ice beasts
  A sky beast (D:8)
  2 black bears
  31 orc warriors
  Pargi (D:3)
  27 wolves
  6 ogres
  2 centaurs
  A phantom (D:5)
  4 kobold brigands
  An elf zombie (Ossuary)
  3 necrophages
  A scorpion (D:7)
  11 bullfrogs
  2 earth elementals (Elf:2)
  14 wights
  8 killer bees (D:9)
  6 electric eels
  4 howler monkeys (D:7)
  A gnoll bouda (Orc:2)
  4 hounds
  2 jellies
  A human zombie (Ossuary)
  25 orc priests
  2 centaur zombies (Ossuary)
  Terence (D:2)
  7 iguanas
  20 orc wizards
  2 hound zombies (Ossuary)
  4 mummies
  4 gnolls (Orc:2)
  9 adders
  2 shadow imps
  A white imp (D:7)
  An ufetubus (D:6)
  7 adder zombies (Ossuary)
  2 worms (D:2)
  2 dart slugs (D:1)
  103 orcs
  6 ball pythons
  4 endoplasms
  4 giant cockroaches
  A gnoll zombie (Ossuary)
  3 goblins
  9 hobgoblins
  3 jackals (D:2)
  14 kobolds
  5 bats
  4 frilled lizards
  5 goblin zombies (Ossuary)
  5 hobgoblin zombies
  2 jackal zombies (Ossuary)
  4 kobold zombies (Ossuary)
  4 orc zombies
  A quokka zombie (Ossuary)
  6 rats
  2 rat zombies (Ossuary)
722 creatures vanquished.

Vanquished Creatures (collateral kills)
  An orc warlord (Orc:2)
  2 orc knights (Orc:2)
  4 orc warriors (Orc:2)
  2 orc priests (Orc:2)
  3 orc wizards (Orc:2)
  3 orcs
15 creatures vanquished.

Vanquished Creatures (others)
  A deep elf zephyrmancer (Elf:2)
  7 dancing weapons
  An orc (D:9)
  125 fulminant prisms
  25 fungi
  73 plants
232 creatures vanquished.

Grand Total: 969 creatures vanquished

Notes
Turn   | Place    | Note
-------+----------+-------------------------------------------
     0 | D:1      | kalagan the Deep Elf Conjurer began the quest for the Orb.
     0 | D:1      | Reached XP level 1. HP: 10/10 MP: 6/6
   223 | D:1      | Found a faded altar of an unknown god.
   292 | D:1      | Reached XP level 2. HP: 10/15 MP: 1/8
   396 | D:1      | Learned a level 2 spell: Searing Ray
   815 | D:2      | Reached skill level 1 in Translocations
   835 | D:2      | Reached skill level 1 in Hexes
   835 | D:2      | Reached XP level 3. HP: 19/19 MP: 6/9
  1176 | D:2      | Found Ocag's General Store.
  1184 | D:2      | Bought a +0 cloak for 49 gold pieces
  1184 | D:2      | Bought a +0 pair of boots for 49 gold pieces
  1479 | D:2      | Reached XP level 4. HP: 24/24 MP: 8/11
  1525 | D:2      | Noticed Terence
  1553 | D:3      | Noticed Pargi
  1870 | D:2      | Killed Terence
  1996 | D:2      | Learned a level 3 spell: Dazzling Flash
  2001 | D:2      | Learned a level 4 spell: Fulminant Prism
  2054 | D:3      | Reached skill level 4 in Spellcasting
  2058 | D:3      | Reached skill level 5 in Conjurations
  2058 | D:3      | Reached XP level 5. HP: 18/28 MP: 6/13
  3009 | D:4      | Learned a level 3 spell: Stone Arrow
  3010 | D:4      | Identified the +2 chain mail of the Big Bang {Dex+5}
  3097 | D:4      | Reached XP level 6. HP: 27/32 MP: 7/15
  3155 | D:4      | Reached skill level 5 in Spellcasting
  3155 | D:4      | Reached skill level 1 in Earth Magic
  3470 | D:3      | Killed Pargi
  3961 | D:4      | Reached XP level 7. HP: 19/36 MP: 1/17
  4160 | D:4      | Found an ornate altar of the Wu Jian Council.
  4326 | D:5      | Entered Level 5 of the Dungeon
  4393 | D:5      | Found a staircase to the Ecumenical Temple.
  4633 | Temple   | Entered the Ecumenical Temple
  4641 | Temple   | Became a worshipper of Sif Muna the Loreminder
  4820 | D:5      | Noticed Eustachio
  5036 | D:5      | Killed Eustachio
  5072 | D:5      | Identified the +5 trident "Jellybane" {vorpal, *Corrode
                  | Will+ Dex+5}
  5103 | D:6      | Reached skill level 6 in Spellcasting
  5161 | D:6      | Reached XP level 8. HP: 42/42 MP: 15/19
  5253 | D:6      | Reached skill level 1 in Invocations
  5253 | D:6      | Reached skill level 1 in Evocations
  5278 | D:6      | Reached skill level 1 in Fighting
  5298 | D:6      | Reached * piety under Sif Muna
  5299 | D:6      | Reached skill level 1 in Armour
  5685 | D:6      | Reached skill level 7 in Spellcasting
  5740 | D:6      | Reached skill level 5 in Stealth
  6005 | D:6      | Learned a level 4 spell: Iskenderun's Mystic Blast
  6063 | D:7      | Found an ancient bone altar of Kikubaaqudgha.
  6072 | D:7      | Reached XP level 9. HP: 47/47 MP: 5/21
  6128 | D:7      | Found an opulent altar of Gozag.
  6272 | D:7      | Found a sand-covered staircase.
  6273 | D:7      | Reached ** piety under Sif Muna
  6277 | Ossuary  | Entered an ossuary
  6525 | Ossuary  | Reached *** piety under Sif Muna
  6583 | Ossuary  | Reached skill level 5 in Dodging
  6907 | D:7      | Reached skill level 5 in Hexes
  6907 | D:7      | Reached skill level 5 in Earth Magic
  7279 | D:8      | Reached skill level 8 in Spellcasting
  7485 | D:8      | Reached **** piety under Sif Muna
  7486 | D:8      | Reached skill level 5 in Translocations
  7486 | D:8      | Reached XP level 10. HP: 53/53 MP: 18/24
  7628 | D:8      | Noticed Erica
  7636 | D:8      | Killed Erica
  7637 | D:8      | Reached skill level 1 in Throwing
  7812 | D:8      | Found a burning altar of Makhleb.
  8169 | D:8      | Reached skill level 9 in Spellcasting
  8704 | D:9      | Reached skill level 5 in Invocations
  8751 | D:9      | Reached ***** piety under Sif Muna
  8797 | D:9      | Received a gift from Sif Muna
  8813 | D:9      | Got Ben Rasi's Precepts of Hot Beguiling {god gift}
  9212 | D:9      | Reached XP level 11. HP: 44/57 MP: 18/26
  9281 | D:9      | Found a staircase to the Lair.
  9442 | D:9      | Found a staircase to the Orcish Mines.
  9618 | D:9      | Learned a level 5 spell: Fireball
  9666 | Lair:1   | Entered Level 1 of the Lair of Beasts
  9675 | Lair:1   | Reached skill level 10 in Spellcasting
  9675 | Lair:1   | Reached skill level 1 in Fire Magic
 10035 | Lair:1   | Noticed a four-headed hydra
 10039 | Lair:1   | Killed a four-headed hydra
 10182 | Lair:1   | Noticed Fannar
 10586 | Lair:1   | Killed Fannar
 11083 | Lair:1   | Reached skill level 11 in Spellcasting
 11300 | Lair:2   | Noticed a five-headed hydra
 11309 | Lair:2   | Killed a five-headed hydra
 11310 | Lair:2   | Reached XP level 12. HP: 62/62 MP: 8/29
 11365 | Lair:2   | Found a staircase to the Snake Pit.
 11371 | Lair:2   | Reached skill level 10 in Conjurations
 11611 | Lair:2   | Noticed an eight-headed hydra
 11625 | Lair:2   | Killed an eight-headed hydra
 11692 | Lair:2   | Found a staircase to the Shoals.
 12326 | Lair:3   | Reached skill level 5 in Fire Magic
 12399 | Lair:3   | Found a blossoming altar of Fedhas.
 12669 | Lair:3   | Received a gift from Sif Muna
 12691 | Lair:3   | Got Sif Muna's Dissertation on Iron Evil Magic {god gift}
 12697 | Lair:3   | Learned a level 4 spell: Sticky Flame
 12841 | Lair:3   | Noticed a five-headed hydra
 12853 | Lair:3   | Killed a five-headed hydra
 12854 | Lair:3   | Reached skill level 1 in Shields
 13828 | Lair:4   | Reached skill level 12 in Spellcasting
 14058 | Lair:4   | Identified the +2 ring mail of Tenacity {rElec}
 14311 | Lair:4   | Reached XP level 13. HP: 66/66 MP: 24/31
 15420 | Lair:4   | Learned a level 3 spell: Tukima's Dance
 15458 | Lair:5   | Entered Level 5 of the Lair of Beasts
 15986 | Lair:4   | Reached skill level 13 in Spellcasting
 17142 | Lair:5   | Found a staircase to the Slime Pits.
 17292 | Lair:5   | Reached XP level 14. HP: 72/72 MP: 23/33
 17654 | Lair:5   | Received a gift from Sif Muna
 17657 | Lair:5   | Got Sif Muna's Meditations on Combat Magic {god gift}
 17665 | Lair:5   | Learned a level 6 spell: Iron Shot
 18077 | Lair:5   | Found a runed translucent door.
 19044 | Orc:1    | Entered Level 1 of the Orcish Mines
 19044 | Orc:1    | Found Zinnaav's Distillery.
 19048 | Orc:1    | Bought a potion of heal wounds for 70 gold pieces
 19048 | Orc:1    | Bought a potion of invisibility for 112 gold pieces
 19652 | Orc:1    | Found Quar's Antique Armour Emporium.
 19687 | Orc:1    | Bought the +3 hat of Pondering {ponderous, Will+ MP+10
                  | Int+5} for 1143 gold pieces
 19687 | Orc:1    | Found the +3 hat of Pondering {ponderous, Will+ MP+10
                  | Int+5}
 19773 | Orc:2    | Entered Level 2 of the Orcish Mines
 19917 | Orc:2    | Found a staircase to the Elven Halls.
 20297 | Orc:2    | Received a gift from Sif Muna
 20307 | Orc:2    | Reached skill level 14 in Spellcasting
 20310 | Orc:2    | Got Sif Muna's Treatise on Adjuration {god gift}
 20649 | Orc:2    | Noticed an orc warlord
 20677 | Orc:2    | Killed an orc warlord
 20973 | Orc:2    | Found Atiokkao's Antique Armour Shop.
 20974 | Orc:2    | Found Ramitz's Antique Weapon Shop.
 20976 | Orc:2    | Found Cassuply's General Store.
 20976 | Orc:2    | Found Letzaluk's Book Boutique.
 20992 | Orc:2    | Bought a scroll of identify for 24 gold pieces
 21218 | Orc:2    | Noticed an orc warlord
 21233 | Orc:2    | Killed an orc warlord
 21589 | Elf:1    | Entered Level 1 of the Elven Halls
 21879 | Elf:1    | Reached skill level 1 in Staves
 21952 | Elf:1    | Found Suwyts's Armour Emporium.
 22208 | Elf:1    | Received a gift from Sif Muna
 22211 | Elf:1    | Got Cuseih's Vellum of Adjuration {god gift}
 22420 | Elf:1    | Identified Roxanne's Disquisition on Transfiguration
 22420 | Elf:1    | Noticed Roxanne
 22444 | Elf:1    | Reached skill level 10 in Hexes
 22453 | Elf:1    | Found the +3 Mad Mage's Maulers {Infuse+∞ RegenMP Int-3}
 22456 | Elf:1    | Reached skill level 10 in Translocations
 22458 | Elf:1    | Reached XP level 15. HP: 42/76 MP: 22/35
 22718 | Elf:1    | Identified the +2 longbow of Wusyir {vorpal, rC+ Will+
                  | Int+4 Dex+3}
 23582 | Elf:2    | Learned a level 5 spell: Iskenderun's Battlesphere
 23798 | Elf:2    | Noticed a deep elf blademaster
 23799 | Elf:2    | Noticed a deep elf blademaster
 23800 | Elf:2    | Noticed a deep elf blademaster
 23800 | Elf:2    | Noticed ababab's ghost (adept FeEn)
 23801 | Elf:2    | Found the +11 plutonium sword {Contam Stlth-}
 23809 | Elf:2    | Found a transporter.
 23810 | Elf:2    | Found a bloodstained altar of Trog.
 23817 | Elf:2    | Found a transporter.
 23859 | Elf:2    | Learned a level 6 spell: Dispersal
 24101 | Elf:2    | Found Uluptol's Distillery.
 24275 | Orc:2    | Bought the +3 warlock's mirror {reflect} for 960 gold
                  | pieces
 24275 | Orc:2    | Found the +3 warlock's mirror {reflect}
 24473 | Elf:2    | Noticed a sphinx
 24485 | Elf:2    | Reached skill level 15 in Spellcasting
 24497 | Elf:2    | Killed a sphinx
 24594 | Elf:2    | Found a runed translucent gate.
 24595 | Elf:2    | Found a runed translucent gate.
 24595 | Elf:2    | Found a runed translucent gate.
 24605 | Elf:2    | Identified a scroll of acquirement
 24605 | Elf:2    | Acquired 1095 gold pieces
 24643 | Elf:2    | Bought a potion of curing for 48 gold pieces
 24643 | Elf:2    | Bought a potion of curing for 48 gold pieces
 24643 | Elf:2    | Bought a potion of invisibility for 128 gold pieces
 24684 | Elf:2    | Reached skill level 10 in Dodging
 24690 | Elf:2    | Reached skill level 10 in Fire Magic
 25126 | Elf:2    | Noticed a deep elf blademaster
 25305 | Elf:2    | Killed a deep elf blademaster
 25642 | Elf:3    | Entered Level 3 of the Elven Halls
 25642 | Elf:3    | Noticed a deep elf sorcerer
 25645 | Elf:3    | Killed a deep elf sorcerer
 25677 | Elf:3    | Reached XP level 16. HP: 58/83 MP: 29/37
 25695 | Elf:3    | Found a magical portal.
 25705 | WizLab   | Entered Yara's Duelist Academy
 25811 | WizLab   | Noticed a quicksilver dragon
 25818 | WizLab   | Killed a quicksilver dragon
 26076 | WizLab   | Received a gift from Sif Muna
 26204 | WizLab   | Noticed Pufunaer
 26212 | WizLab   | HP: 4/83 [Pufunaer the Head Instructor/+2 antimagic triple
                  | sword (12)]
 26213 | WizLab   | Slain by Pufunaer the Head Instructor

Illustrated notes

Levels and vault maps discovered:
D:1:      amcnicky_arrival_abandoned_market, layout_rooms,
          shapermc_ecumenical_altar_gd
D:2:      layout_basic, serial_shops, nicolae_shop_stone, uniq_terence
D:3:      layout_rooms, uniq_pargi
D:4:      layout_layer_cave, nzn_wu_jian_council_hall
D:5:      layout_rooms, temple_pool_b, uniq_eustachio
D:6:      layout_gridville
D:7:      layout_basic, grunt_temple_overflow_open, nicolae_ossuary_entry_giza
D:8:      kennysheep_blocky_hall, layout_loops_corners,
          mainiacjoe_overflow_chevrons, grunt_ministairs_14,
          chequers_serial_rivers_small_b, uniq_erica
D:9:      layout_small_grid, dpeg_oklobed_lair, erik_orc_2
Temple:   nicolae_temple_two_arcs
Lair:1:   layout_loops_ring, dpeg_stationary_puzzle, uniq_fannar
Lair:2:   layout_regular_city, minmay_shoals_entry_lonely_mermaid,
          guppyfry_snake_entry_island
Lair:3:   layout_hall_layers, tgw_fedhas
Lair:4:   layout_cave_pods, beast_lair_carwin_4, grunt_megastairs_2
Lair:5:   wormcave, layout_misc_corridors, guppyfry_lair_end_dragon,
          slime_entry_1, infiniplex_staircase_pool
Orc:1:    layout_caves, serial_shops, shop, nicolae_shop_hallway_stairs
Orc:2:    st_orc_congregation, layout_caves, minmay_orc_barracks
Elf:1:    nicolae_elf_arrival_no_cutting_in_line, layout_gridlike, serial_shops,
          nicolae_shop_trees, kennysheep_underground_church, minivault_5,
          billiards_dpeg, uniq_roxanne
Elf:2:    nicolae_elf_blades_crystal_corner, layout_loops_cross, serial_shops,
          shop, gammafunk_ghost_wrathful_warriors,
          hangedman_research_probablistics
Elf:3:    minmay_elf_hall_circle, layout_onion_city, mu_enter_wizlab_4,
          serial_shops, shop, nicolae_shop_clearance
WizLab:   wizlab_yara

Skill      XL: |  1  2  3  4  5  6  7  8  9 10 11 12 13 14 15 16 |
---------------+-------------------------------------------------+-----
Translocations | 1 2 3 4 5 6 7 8 10 | 10.9
Hexes          | 1 2 3 4 5 6 7 8 9 10 11 | 11.0
Stealth        | 3 4 5 6 7 8 |  8.7
Spellcasting   | 4 5 6 7 8 9 11 12 13 14 15 | 15.7
Dodging        | 3 4 5 6 7 8 9 10 | 10.5
Conjurations   | 5 6 7 8 9 10 11 12 13 | 13.8
Earth Magic    | 1 3 4 5 6 7 8 9 |  9.9
Invocations    | 2 3 5 6 7 8 9 |  9.4
Evocations     | 2 4 |  4.5
Fighting       | 1 2 3 |  3.0
Armour         | 1 2 3 4 |  4.0
Throwing       | 2 |  2.0
Fire Magic     | 4 6 7 9 10 | 10.7
Shields        | 2 4 |  4.0
Staves         | 1 3 |  3.0

Action                   |  1- 3 |  4- 6 |  7- 9 | 10-12 | 13-15 | 16-18 || total
-------------------------+-------+-------+-------+-------+-------+-------++-------
Melee: Unarmed           |     5 |       |       |       |       |       ||     5
       Dagger            |       |     6 |       |       |       |       ||     6
       Punch             |       |     1 |       |       |       |       ||     1
       Staff             |       |       |     5 |    21 |    85 |       ||   111
Throw: Dart              |       |       |       |       |     3 |       ||     3
       Throwing net      |       |       |       |       |     1 |       ||     1
 Cast: Magic Dart        |    69 |    15 |     3 |     4 |    10 |     1 ||   102
       Searing Ray       |       |    32 |       |       |     2 |       ||    34
       Stone Arrow       |       |    16 |   156 |   190 |   216 |     1 ||   579
       Fulminant Prism   |       |       |     9 |    48 |    62 |     6 ||   125
       Iskenderun's Myst |       |       |     3 |    33 |    80 |     8 ||   124
       Fireball          |       |       |       |     3 |    64 |    10 ||    77
       Tukima's Dance    |       |       |       |       |    37 |     3 ||    40
       Iron Shot         |       |       |       |       |    80 |    14 ||    94
       Iskenderun's Batt |       |       |       |       |     5 |     3 ||     8
       Dispersal         |       |       |       |       |     1 |       ||     1
Invok: Channel Magic     |       |       |       |       |     3 |     1 ||     4
Evoke: Wand              |       |     1 |       |       |     5 |       ||     6
  Use: Scroll            |       |     3 |    14 |     9 |     9 |       ||    35
       Potion            |       |     1 |       |     1 |     2 |     5 ||     9
Armor: Robe              |     6 |     5 |    18 |    71 |    91 |     1 ||   192
Dodge: Dodged            |     9 |    13 |    25 |    88 |   121 |     5 ||   261
Block: Buckler           |       |       |       |       |    77 |     5 ||    82
       Reflection        |       |       |       |       |     7 |     3 ||    10
